[Event "Late-Titled-Tuesday-Blitz-May-14-2024"]
[Site "Chess.com"]
[Date "2024.05.14"]
[Round "3"]
[White "BardArtem"]
[Black "duone"]
[Result "0-1"]
[WhiteElo "2748"]
[BlackElo "2441"]
[TimeControl "180+1"]
[EndTime "14:30:45 PDT"]
[Termination "duone won by checkmate"]

1. e4 c5 2. c3 Nf6 3. e5 Nd5 4. Nf3 Nc6 5. Bc4 Nb6 6. Bb3 d5 7. exd6 Qxd6 8. O-O e6 9. d4 cxd4 10. cxd4 Be7 11. Nc3 O-O 12. Re1 Rd8 13. Be3 Na5 14.
Bc2 Nac4 15. Ne4 Qd7 16. Qd3 Nxb2 17. Nf6+ Bxf6 18. Qxh7+ Kf8 19. d5 Qxd5 20. Rac1 N6c4 21. Bb3 b5 22. h4 Ke7 23. a4 Qd3 24. Bc5+ Nd6 25.
Qh5 Qxb3 26. Nd4 Bxd4 27. Bxd4 Nbc4 28. Qg5+ Kd7 29. axb5 Bb7 30. Bc5 Rac8 31. Rcd1 Qxb5 32. Qxg7 Qxc5 33. Qxf7+ Kc6 34. Qxe6 Re8 35. Qg4 Rxe1+ 36.
Rxe1 Rf8 37. Re2 Qf5 38. Qd4 Qc5 39. Qc3 Nb6 40. Qe1 Nd5 41. Qd2 Nc4 42. Qe1 Nf4 43. Re4 Nd3 44. Qd2 Rxf2 45. Qh6+ Rf6+ 46. Qe3 Qxe3+ 47.
Rxe3 Nde5 48. Rc3 Kd5 49. h5 Rh6 50. Rh3 Nf7 51. g4 Ncd6 52. Rf3 Ke6 53. Re3+ Ne4 54.
Rb3 Bd5 55. Ra3 Ne5 56. Ra6+ Nd6 57. Rxa7 Nxg4 58. Ra1 Rxh5 59. Re1+ Re5 60. Ra1 Re4 61. Rb1 Nf5 62. Rb6+ Ke5 63. Rb1 Kf4 64. Rf1+ Kg5 65.
Rb1 Bc4 66. Rc1 Bd3 67. Ra1 Re3 68. Ra8 Kh4 69. Kg2 Re2+ 70. Kf3 Nd4+ 71. Kf4 Re4# 0-1

[Event "Late-Titled-Tuesday-Blitz-May-14-2024"]
[Site "Chess.com"]
[Date "2024.05.14"]
[Round "3"]
[White "Cipy77"]
[Black "picturesquecheck"]
[Result "1/2-1/2"]
[WhiteElo "2636"]
[BlackElo "2462"]
[TimeControl "180+1"]
[EndTime "14:30:47 PDT"]
[Termination "Game drawn by stalemate"]

1. d3 Nf6 2. Nf3 g6 3. g3 Bg7 4. Bg2 O-O 5. O-O d6 6. Nc3 Nc6 7. a3 e5 8. Rb1 Rb8 9. b4 Bg4 10. Nd2 Qd7 11. Nc4 d5 12. Ne3 d4 13. Nxg4 Qxg4 14. Ne4 Nxe4 15. Bxe4 Qd7 16. b5 Nd8 17. Bd2 f5 18. Bg2 Kh8 19. c3 Ne6 20. cxd4 Nxd4 21. a4 c6 22. bxc6 Nxc6 23. Bc3 b6 24. Qd2 Rbc8 25. Rfc1 Nd4 26. e3 Ne6 27. Bb4 Rxc1+ 28. Rxc1 Rc8 29. h4 Nc5 30. a5 h5 31. axb6 axb6 32.
Bxc5 Rxc5 33. Ra1 Rc8 34. Qb2 b5 35. Qb3 Rd8 36. Ra6 Kh7 37. Rb6 b4 38. Qxb4 Qxd3 39. Qe7 Qd7 40. Qg5 Qe8 41. Kh2 Rd2 42.
Rb7 Rxf2 43. Qf6 Qg8 44. Qxe5 Re2 45. Qd4 Kh8 46. Qd3 Qa2 47. Qd8+ Kh7 48. Rxg7+ Kxg7 49. Qe7+ Kg8 50. Qe8+ Kg7 51. Qe7+ Qf7 52. Qe5+ Kh7 53. Qf4 Re1 54. Qb4 Ra1 55. Qb2 Ra7 56. Qd4 Qg7 57.
Qc4 Re7 58. Qf4 Qe5 59. Qc4 Qxe3 60. Qc6 Qe5 61. Qc4 Qf6 62. Qd3 f4 63. Be4 fxg3+ 64. Kxg3 Qe5+ 65. Kf3 Qxe4+ 66. Qxe4 Rxe4 67. Kxe4 Kg7 68.
Ke5 Kf7 69. Ke4 Kf6 70. Kf4 Ke6 71. Ke4 Kf6 72. Kf4 Kg7 73. Kg5 Kf7 74. Kf4 Kf6 75. Ke4 g5 76. hxg5+ Kxg5 77. Kf3 h4 78. Kg2 h3+ 79.
Kh2 Kh4 80. Kg1 Kg3 81. Kh1 h2 1/2-1/2

[Event "Late-Titled-Tuesday-Blitz-May-14-2024"]
[Site "Chess.com"]
[Date "2024.05.14"]
[Round "3"]
[White "TheAlienParty"]
[Black "Mikayel99"]
[Result "0-1"]
[WhiteElo "2432"]
[BlackElo "2620"]
[TimeControl "180+1"]
[EndTime "14:30:47 PDT"]
[Termination "Mikayel99 won on time"]

1. c4 g6 2. d4 Bg7 3. Nc3 c5 4. Nf3 cxd4 5. Nxd4 Nc6 6. Nc2 Nf6 7. g3 O-O 8. Bg2 d6 9. O-O b6 10. b3 Bb7 11. Bb2 h5 12. Qd2 Rb8 13. Nd5 Ne4 14.
Qc1 Bxb2 15. Qxb2 Ng5 16. Rad1 Nh7 17. Nd4 Nxd4 18. Rxd4 Bxd5 19. Bxd5 Qd7 20. Qc2 Kg7 21. Qc3 Nf6 22. Bg2 Qe6 23. e3 b5 24. cxb5 Rxb5 25. Qc7 a5 26. Rc1 Rfb8 27. h3 Qe5 28. Rcc4 Rb4 29.
Kh2 Rxc4 30. Qxc4 Rb4 31. Qd3 h4 32. Rf4 hxg3+ 33. fxg3 Nh5 34. Rf3 e6 35. Qf1 f5 36.
Qa6 Qc5 37. Qe2 Re4 38. Qf2 Qe5 39. Kg1 Nf6 40. Bf1 Nd5 41. Bd3 Rxe3 42. g4 f4 43. h4 Qa1+ 44. Bf1 Rxf3 45. Qxf3 Qxa2 46. Bd3 Qa1+ 47. Kh2 Qb2+ 48. Kh3 Qxb3 49. Qe4 Ne7 50. h5 Qd5 51. hxg6 Qxe4 52. Bxe4 d5 53. Bc2 Nxg6 54.
Kg2 Kf6 55. Kf3 e5 56. Ke2 Kg5 57. Kf3 Nh4+ 58. Ke2 e4 59. Bb3 d4 60. Bd5 f3+ 61. Kf2 e3+ 62. Kg3 e2 63. Kf2 a4 64. Ba2 a3 65.
Bb1 d3 66. Bxd3 a2 67. Bxe2 a1=Q 68. Bxf3 Nxf3 69. Kxf3 Qd4 70. Kg3 Qxg4+ 0-1

[Event "Late-Titled-Tuesday-Blitz-May-14-2024"]
[Site "Chess.com"]
[Date "2024.05.14"]
[Round "3"]
[White "hblanco"]
[Black "Viktoker"]
[Result "1-0"]
[WhiteElo "2609"]
[BlackElo "2382"]
[TimeControl "180+1"]
[EndTime "14:30:51 PDT"]
[Termination "hblanco won by resignation"]

1. e4 e5 2. Nf3 Nc6 3. d4 exd4 4. Nxd4 Bc5 5. Nb3 Bb4+ 6. c3 Be7 7. g3 Nf6 8. Bg2 d6 9. h3 a5 10. Nd4 O-O 11. O-O Bd7 12. Be3 Re8 13. c4 Bf8 14. Nc3 g6 15. Ndb5 Bg7 16. Qc2 Nb4 17. Qd2 Bc6 18. f3 Nd7 19. Rad1 Na6 20. Nd4 Nac5 21.
b3 Ne6 22. Ndb5 Nec5 23. Kh2 b6 24. Rfe1 Bb7 25. Bg5 Qc8 26. Rb1 Ne5 27. a3 f5 28.
f4 Ned3 29. exf5 Nxe1 30. Rxe1 Bxg2 31. Rxe8+ Qxe8 32. Qxg2 Rc8 33. f6 Bf8 34. Nd5 h6 35. Bh4 Qf7 36. b4 axb4 37. axb4 Ne6 38. Na7 Re8 39. Qd2 Nd8 40. Ne7+ Bxe7 41. fxe7 Ne6 42.
Nc6 Kh7 43. Qd3 Ng7 44. Nd8 Qg8 45. g4 h5 46. Qe4 hxg4 47. hxg4 b5 48. cxb5 Qa2+ 49.
Kh3 Qb3+ 50. Bg3 Kg8 51. Nc6 Qf7 52. Bh4 Kh7 53. Bf2 Qb3+ 54. Kg2 Qf7 55. Bd4 Ne6 56. Be3 Rxe7 57. Nxe7 Qxe7 58. f5 gxf5 59. gxf5 Qg7+ 60. Kf1 Qa1+ 61. Kg2 Ng7 62. f6+ Kg8 63. fxg7 Qxg7+ 64. Kf3 Qf6+ 65. Qf4 Qe6 66. Qg4+ Kf7 67. Qxe6+ Kxe6 68. Ke4 Kd7 69. Kd5 Kd8 70. Kc6 Kc8 71. b6 cxb6 72. b5 d5 73. Bxb6 d4 74. Bxd4 Kb8 75. b6 Ka8 76.
b7+ Kb8 77. Be5+ 1-0

[Event "Late-Titled-Tuesday-Blitz-May-14-2024"]
[Site "Chess.com"]
[Date "2024.05.14"]
[Round "3"]
[White "juancruzarias"]
[Black "jup1978"]
[Result "1/2-1/2"]
[WhiteElo "2667"]
[BlackElo "2489"]
[TimeControl "180+1"]
[EndTime "14:30:52 PDT"]
[Termination "Game drawn - timeout vs insufficient material"]

1. d4 d5 2. Nf3 e6 3. e3 Nf6 4. Bd3 c5 5. c3 Be7 6. O-O O-O 7. Nbd2 b6 8. Qe2 a5 9. a4 Ba6 10. Bxa6 Nxa6 11. b3 cxd4 12. exd4 Qc7 13. Bb2 Nb8 14.
Rac1 Rc8 15. Rfe1 Nbd7 16. g3 Rab8 17. h4 Qb7 18. Ng5 Nf8 19. c4 dxc4 20. Nxc4 h6 21. Nf3 b5 22. Nce5 bxa4 23. Rxc8 Rxc8 24. bxa4 Qb3 25. Qb5 Qxb5 26. axb5 Rb8 27. Nc6 Rb7 28. Nxe7+ Rxe7 29. Ra1 Ra7 30. Ra4 Nd5 31. Ne5 Nb6 32. Ra1 a4 33. Ba3 Nfd7 34. Nc6 Rc7 35. Bd6 Rb7 36.
Bc5 Nd5 37. Rxa4 Nxc5 38. dxc5 Rxb5 39. Ra5 Rxa5 40. Nxa5 Kf8 41. Kg2 Ke8 42. Kf3 Kd7 43. Ke4 Nf6+ 44. Kf4 Nd5+ 45. Ke4 f6 46. Kd4 Kc7 47.
f3 Nb4 48. Nc4 Kc6 49. Nd6 Nc2+ 50. Kd3 Nb4+ 51. Kc4 Nd5 52. Ne8 g5 53. h5 f5 54.
Nd6 g4 55. fxg4 fxg4 56. Nf7 Ne3+ 57. Kd3 Nf5 58. Ne5+ Kxc5 59. Nxg4 Nxg3 60. Nxh6 Nxh5 61. Ke4 Kd6 62. Nf5+ Kd7 63. Nd4 Nf6+ 64. Ke5 Ng4+ 65. Kf4 e5+ 66. Ke4 Kd6 67. Nf5+ Ke6 68. Ng3 1/2-1/2

[Event "Late-Titled-Tuesday-Blitz-May-14-2024"]
[Site "Chess.com"]
[Date "2024.05.14"]
[Round "3"]
[White "ameetghasi100"]
[Black "sergoy"]
[Result "1-0"]
[WhiteElo "2782"]
[BlackElo "3001"]
[TimeControl "180+1"]
[EndTime "14:30:53 PDT"]
[Termination "ameetghasi100 won by checkmate"]

1. g3 d5 2. Bg2 e5 3. d3 Nc6 4.
Nf3 g6 5. O-O Bg7 6. e4 Nge7 7.
Nc3 d4 8. Ne2 O-O 9. c3 Bg4 10.
cxd4 Bxf3 11. Bxf3 Nxd4 12. Nxd4 Qxd4 13. Be3 Qd7 14.
Bg4 Qd6 15. Rc1 b6 16. a3 c5 17. Qa4 a5 18. Qb5 Nc6 19. Qxb6 Rfd8 20. Rxc5 Nd4 21. Qxd6 Rxd6 22. Rfc1 h5 23. Rc8+ Rxc8 24. Rxc8+ Kh7 25. Bd1 Rb6 26. Bxd4 exd4 27. b3 Bf6 28. f4 Kg7 29. e5 Be7 30. a4 Bb4 31. Bf3 f6 32. Rc7+ Kh6 33. Bd5 fxe5 34. fxe5 Kg5 35. Rf7 h4 36. Kg2 hxg3 37. hxg3 Rb8 38. e6 Rd8 39. Bc4 Rh8 40.
Rf4 Bc5 41. Re4 Kf6 42. Rf4+ Kg5 43. Rf7 Re8 44. Kf3 Rb8 45. Rf4 Re8 46. Ke4 Bd6 47. Rf1 Kg4 48. Kxd4 g5 49. Kd5 Bxg3 50. Bb5 Re7 51.
Rf7 Rc7 52. Rxc7 Bxc7 53. e7 Kf3 54. e8=Q Bf4 55. Qe4+ Kg3 56. d4 g4 57. Bc6 Bc7 58.
Ke6 Kh4 59. Qg2 g3 60. d5 Kg5 61. d6 Bxd6 62. Kxd6 Kf4 63. Kc5 Ke3 64. Kb6 Kd4 65. Kxa5 Kc5 66. Qxg3 Kd4 67. Qd6+ Ke3 68. Bb5 Ke4 69.
Bc4 Ke3 70. Kb6 Ke4 71. a5 Ke3 72. a6 Ke4 73. a7 Ke3 74. a8=Q Kf2 75. Qe5 Kg1 76.
Qg8+ Kf2 77. Qgg3# 1-0

[Event "Late-Titled-Tuesday-Blitz-May-14-2024"]
[Site "Chess.com"]
[Date "2024.05.14"]
[Round "3"]
[White "DominguezOnYoutube"]
[Black "lamomiajunior"]
[Result "0-1"]
[WhiteElo "3012"]
[BlackElo "2789"]
[TimeControl "180+1"]
[EndTime "14:30:55 PDT"]
[Termination "lamomiajunior won by checkmate"]

1. e4 c5 2. Nf3 d6 3. d4 cxd4 4. Nxd4 Nf6 5. Nc3 a6 6. Be3 e6 7. a3 h5 8. f4 Nc6 9. Bd3 d5 10.
e5 Ng4 11. Bg1 g6 12. Qf3 Bd7 13. O-O-O Rc8 14. Kb1 Na5 15. Nce2 Nc4 16. Bxc4 Rxc4 17. h3 Nh6 18. g4 Bg7 19. Be3 b5 20. Bc1 b4 21. b3 Rc8 22. a4 Qc7 23. Bb2 Ng8 24. Qd3 Ne7 25. Ng3 h4 26. Nge2 a5 27. Rhf1 g5 28. f5 Bxe5 29. fxe6 fxe6 30. Ng1 Bf4 31.
Nxe6 Bxe6 32. Bxh8 d4 33. Ne2 Nd5 34. Bxd4 Qf7 35.
Nxf4 Nxf4 36. Qb5+ Qd7 37. Qxg5 Nd5 38. Qg6+ Kd8 39.
Bb6+ Ke7 40. Qg7+ Kd6 41. Qxd7+ Bxd7 42. Bxa5 Kc5 43. Rxd5+ Kxd5 44. Bxb4 Re8 45. Rd1+ Kc6 46. Be1 Re3 47. Bxh4 Rxh3 48. Bf6 Bxg4 49. Bb2 Bxd1 50.
Kc1 Rh1 51. Kd2 Bf3 52. Bd4 Rh2+ 53. Ke3 Bd1 54. c3 Bxb3 55. a5 Bc4 56. Bb6 Re2+ 57.
Kd4 Ba6 58. c4 Rc2 59. c5 Rc4+ 60. Ke5 Rh4 61. Kf5 Bc8+ 62. Kg5 Ra4 63. Kf6 Kd5 64.
Kf7 Bb7 65. Ke7 Bc6 66. Kd8 Bb5 67. Kc7 Rg4 68. Kd8 Rg7 69. Kc8 Kc6 70. Kd8 Bc4 71.
Ke8 Kd5 72. Kf8 Rh7 73. Ke8 Bb5+ 74. Kf8 Ke6 75. Kg8 Rd7 76. Kf8 Rf7+ 77. Kg8 Kf6 78. Bd8+ Kg6 79. Bb6 Re7 80. Kf8 Re8# 0-1

[Event "Late-Titled-Tuesday-Blitz-May-14-2024"]
[Site "Chess.com"]
[Date "2024.05.14"]
[Round "3"]
[White "DreamsAreFake"]
[Black "Rud_Makarian"]
[Result "1/2-1/2"]
[WhiteElo "2766"]
[BlackElo "2952"]
[TimeControl "180+1"]
[EndTime "14:30:57 PDT"]
[Termination "Game drawn by agreement"]

1. Nf3 Nf6 2. g3 d5 3. Bg2 e6 4. O-O Be7 5. b3 O-O 6. Bb2 c6 7. d3 a5 8. Nbd2 b5 9. c4 Bb7 10.
Qc2 Nbd7 11. e4 Qb6 12. h3 h6 13. Ne5 Nxe5 14. Bxe5 Rfd8 15. d4 c5 16. exd5 exd5 17. cxb5 Qxb5 18. dxc5 Rac8 19. Rac1 Rxc5 20. Qb2 Rdc8 21.
Nf3 Qd7 22. Bd4 Rxc1 23. Rxc1 Rxc1+ 24. Qxc1 Ne4 25. Ne5 Qd8 26. Nd3 Bd6 27. Qe3 Ba6 28. Nf4 Bxf4 29. Qxf4 Bb7 30. Qe5 Nf6 31. Bc3 Bc6 32. Qd4 Qa8 33. a4 Qb7 34. Qc5 Ne4 35. Bxe4 dxe4 36. Bxa5 e3 37. Qxe3 Qd7 38. Be1 Qxh3 39. f3 Qf5 40. Kf2 Qc2+ 41. Bd2 Qd1 42. g4 Qb1 43. Qc3 Qg6 44. a5 Qe6 45. b4 Qd5 46. Qe3 f6 47. Be1 Kh8 48. Qc3 Kh7 49. a6 Kg8 50. a7 Kh7 51. Qe3 Kh8 52. Bc3 Kh7 53. Qe4+ Qxe4 54. fxe4 Kg6 55. Ke3 Kf7 56. Kd4 Ke6 57. Kc5 Kd7 58. e5 fxe5 59. Bxe5 g6 60. b5 Bf3 61. Bg7 h5 62. g5 Kc8 63. Kd6 Kb7 64. Bd4 Bg4 65. Ke5 Bf5 66. Kf6 h4 67. b6 h3 68. Bg1 Be4 69. Bh2 Bf5 70.
Ke5 Ka8 71. Kd6 Kb7 72. Ke7 Be4 73. Kd8 1/2-1/2

[Event "Late-Titled-Tuesday-Blitz-May-14-2024"]
[Site "Chess.com"]
[Date "2024.05.14"]
[Round "3"]
[White "BestestBP"]
[Black "SHIVACalypso"]
[Result "1/2-1/2"]
[WhiteElo "2184"]
[BlackElo "2544"]
[TimeControl "180+1"]
[EndTime "14:31:03 PDT"]
[Termination "Game drawn - insufficient material"]

1. c4 c5 2. Nc3 Nc6 3. Nf3 g6 4. g3 Bg7 5. Bg2 e6 6. O-O Nge7 7. e3 O-O 8. d4 cxd4 9. Nxd4 Nxd4 10. exd4 d6 11.
b3 Nf5 12. Ne2 Rb8 13. Bb2 b6 14. Qc2 Qc7 15. d5 e5 16. Nc3 a6 17. Ne4 Bb7 18. Ba3 Rbd8 19. Qd3 Ne7 20. Rac1 h6 21. Nc3 f5 22.
Na4 Nc8 23. b4 Qd7 24. Qb3 f4 25. c5 f3 26. c6 Qf5 27. Bxf3 Bxc6 28. Rxc6 Qxf3 29.
Nxb6 Nxb6 30. Rxb6 Qxb3 31. axb3 e4 32. Rxa6 Bd4 33.
Bc1 Rf3 34. Be3 Bxe3 35. fxe3 Rxe3 36. Rf6 Kg7 37. Rfxd6 Rxd6 38. Rxd6 Rxb3 39. Re6 Rxb4 40. Kf2 Rd4 41. d6 Kf7 42. Re7+ Kf6 43. Re8 Kf5 44. Rd8 Ke6 45. Re8+ Kxd6 46. Ke3 Ra4 47. Rxe4 Ra2 48. g4 Rxh2 49. Kf4 Rf2+ 50. Kg3 Rf6 51.
Ra4 Ke5 52. Ra5+ Ke4 53. g5 hxg5 54. Rxg5 Ra6 55. Rb5 Re6 56. Rb1 Kf5 57. Rf1+ Kg5 58.
Ra1 Re3+ 59. Kg2 Rb3 60. Ra5+ Kg4 61. Ra4+ Kh5 62. Ra5+ g5 63. Ra1 Kh4 64. Kg1 g4 65. Rc1 Rb2 66. Ra1 Kh3 67. Rc1 Rg2+ 68. Kh1 Rh2+ 69.
Kg1 Rd2 70. Rb1 Ra2 71. Rc1 Rb2 72. Ra1 Kg3 73. Ra3+ Kf4 74. Ra4+ Kf3 75. Ra3+ Ke2 76. Ra1 Rd2 77. Kg2 Rd3 78. Ra2+ Ke3 79. Kg3 Rd2 80. Rxd2 Kxd2 81. Kxg4 1/2-1/2

[Event "Late-Titled-Tuesday-Blitz-May-14-2024"]
[Site "Chess.com"]
[Date "2024.05.14"]
[Round "3"]
[White "Cherepov_Alexej"]
[Black "lilylg"]
[Result "0-1"]
[WhiteElo "2398"]
[BlackElo "2221"]
[TimeControl "180+1"]
[EndTime "14:31:12 PDT"]
[Termination "lilylg won on time"]

1. d4 d5 2. c4 e6 3. Nf3 c6 4. e3 f5 5. Bd3 Nf6 6. Nc3 Bd6 7. Qc2 O-O 8. Bd2 Ne4 9. O-O Bd7 10.
Ne5 Be8 11. Ne2 Nd7 12. Nf4 Qe7 13. Nxd7 Qxd7 14. c5 Bc7 15. f3 Nxd2 16. Qxd2 e5 17. dxe5 Bxe5 18. Be2 Bf7 19. Nd3 Bf6 20. f4 Rfe8 21.
Bf3 d4 22. Ne5 Bxe5 23. fxe5 Rxe5 24. exd4 Rxc5 25. Rad1 Rd8 26. b3 Re5 27. dxe5 Qxd2 28. Rxd2 Rxd2 29. Rf2 Rd4 30. Re2 Be6 31. Kf2 g5 32. g3 Kg7 33. Ke3 Rd7 34. h4 h6 35.
hxg5 hxg5 36. Rd2 Kf7 37. Rxd7+ Bxd7 38. Kd4 Ke6 39. b4 Be8 40. Bd1 Ke7 41. Bc2 Bf7 42. a3 Be6 43. Bd3 b6 44. Be2 Kd7 45. Bf3 Kc7 46. Bg2 Kd7 47. Bf3 Kc7 48. Bg2 a6 49. Bf3 a5 50. Bg2 axb4 51. axb4 Bd7 52. Bf3 Be6 53.
Bg2 Kd7 54. Bf3 g4 55. Bg2 Kc7 56. Bh1 Kb7 57. Bg2 Bd7 58. Bh1 Ka6 59. Bg2 Kb5 60.
Kc3 Be6 61. Bf1+ Ka4 62. Bg2 c5 63. Bc6+ Ka3 64. bxc5 bxc5 65. Bb5 Bf7 66. Bd3 Be6 67.
Bc2 f4 68. gxf4 g3 69. Be4 Bf5 70. Bf3 Bg4 71. Be4 Bf5 72. Bf3 Bg4 73. Bg2 Be6 74. Be4 c4 75. Bf3 Bg4 76. Be4 Be6 77. Bf3 Ka4 78. Be4 Kb5 79. Bf3 Kc5 80. Bg2 Bf5 81. Bf3 Bg4 82. Bg2 Be6 83. Be4 Bd5 0-1

[Event "Late-Titled-Tuesday-Blitz-May-14-2024"]
[Site "Chess.com"]
[Date "2024.05.14"]
[Round "3"]
[White "imdvb6307"]
[Black "1800_strength"]
[Result "1/2-1/2"]
[WhiteElo "2530"]
[BlackElo "2762"]
[TimeControl "180+1"]
[EndTime "14:31:16 PDT"]
[Termination "Game drawn by stalemate"]

1. d4 b5 2. e4 Bb7 3. Bxb5 Bxe4 4. Nf3 Nf6 5. O-O e6 6. Re1 Be7 7. Bf1 O-O 8. c4 c6 9. Nc3 Bg6 10. c5 a5 11. Ne5 Na6 12. Nxg6 hxg6 13. Bf4 Nb4 14.
Na4 Nbd5 15. Be5 Ne8 16. Bd3 Bf6 17. Qd2 Bxe5 18. dxe5 Qb8 19. Re4 f5 20. Re2 Qb4 21.
Qxb4 axb4 22. b3 g5 23. Bc4 Nec7 24. g3 Ra5 25. Rd2 Rfa8 26. Rf1 g4 27. f3 Ne3 28.
Rc1 Ncd5 29. Kf2 gxf3 30. h4 Ng4+ 31. Kxf3 Nxe5+ 32. Kf2 Nxc4 33. Rxc4 Kf7 34. Kf3 Rb5 35. Nb6 Nxb6 36. cxb6 Ke7 37. Rdd4 c5 38. Rd2 Rb8 39.
g4 R8xb6 40. gxf5 exf5 41. Kf4 g6 42. Re2+ Re6 43. Rd2 d6 44. Kg5 Rb8 45. Rc1 Rh8 46. Rh1 Rh5+ 47. Kf4 Re4+ 48. Kg3 Rf4 49. Kxf4 Kd7 50.
Re2 g5+ 51. Kxf5 gxh4+ 52. Kg4 Rd5 53. Rxh4 Rd1 54. Kg3 Kc6 55. Kf2 Rd3 56. Rh6 Rd4 57. Ke1 Kb5 58. Rd2 Re4+ 59. Kd1 c4 60. bxc4+ Kxc4 61.
Rhxd6 Kb5 62. R6d5+ Ka4 63. R5d4 Re3 64. Rb2 Ka3 65.
Rdxb4 Re1+ 66. Kd2 Re2+ 67. Kc3 Re3+ 68. Kc4 Re4+ 69. Kb5 Re5+ 70. Ka6 Ra5+ 71. Kb6 Ra6+ 72. Kc5 Rc6+ 73. Kb5 Rb6+ 74. Kc4 Rc6+ 75. Kd4 Rd6+ 76. Kc3 Rd3+ 77. Kc4 Rd4+ 78. Kc5 Rd5+ 79. Kb6 Rd6+ 80. Kb7 Rd7+ 81. Kb8 Rd8+ 82. Ka7 Ra8+ 83. Kb6 Ra6+ 84. Kb5 Rb6+ 85. Kc4 Rc6+ 86. Kd3 Rc3+ 87. Kd2 Rd3+ 88. Kc1 Rd1+ 89. Kc2 Rd2+ 90. Kc3 Rd3+ 91. Kc4 Rd4+ 92. Kb5 Rd5+ 93. Kc6 Rd6+ 94. Kb7 Rd7+ 95. Kc8 Rd8+ 96.
Kc7 Rd7+ 97. Kxd7 1/2-1/2

[Event "Late-Titled-Tuesday-Blitz-May-14-2024"]
[Site "Chess.com"]
[Date "2024.05.14"]
[Round "3"]
[White "GoltsevDmitry2000"]
[Black "Kacparov"]
[Result "1/2-1/2"]
[WhiteElo "2742"]
[BlackElo "2921"]
[TimeControl "180+1"]
[EndTime "14:31:21 PDT"]
[Termination "Game drawn by repetition"]

1. e4 c5 2. Nf3 e6 3. d4 cxd4 4.
Nxd4 Nc6 5. Nc3 Qc7 6. Be2 a6 7. O-O Nf6 8. a3 d6 9. Be3 Be7 10. f4 O-O 11. Nb3 b5 12. Qe1 Bb7 13. Qf2 Rac8 14. h3 Nd7 15. Rad1 Bf6 16. Nd4 Nc5 17.
e5 dxe5 18. Ndxb5 axb5 19. Bxc5 exf4 20. Nxb5 Qe5 21. Bd6 Qxb2 22. Bxf8 Rxf8 23. Qxf4 Qxc2 24. Bd3 Qc5+ 25. Kh1 Ne5 26. Be2 Ng6 27. Qf2 Qe5 28. Nd4 Nh4 29. Nf3 Bxf3 30. Bxf3 Nf5 31. Rfe1 Qa5 32.
g3 Qxa3 33. Kg2 Qb4 34. Rd3 g6 35. Red1 Kg7 36. Rf1 h5 37. Qe1 Qb2+ 38. Qe2 Qb8 39. Qf2 Qb4 40. Qe1 Qc4 41. Be4 Rb8 42. Bxf5 exf5 43.
Rdf3 Rb2+ 44. R1f2 Rb8 45. Qe2 Qd4 46. Qd2 Qe5 47. Qe2 Qc5 48. Qc2 Qb5 49. Qd3 Qc6 50. Qc2 Qa8 51. Qa2 Qe4 52. Qe2 Qc6 53. Qc2 Qe8 54. Qe2 Qc8 55. Qc2 Qh8 56. g4 hxg4 57. hxg4 Rb2 58. Qd3 Rxf2+ 59. Rxf2 fxg4 60. Qd5 Qh3+ 61. Kg1 Qg3+ 62. Qg2 Qh4 63. Rf4 Qe1+ 64. Rf1 Bd4+ 65.
Kh1 Qh4+ 66. Qh2 Qe7 67. Qf4 Qb7+ 68. Kh2 Qb2+ 69. Kh1 Qb7+ 70. Kh2 Qd5 71. Qxg4 Be5+ 72. Kg1 Qc5+ 73. Kg2 Qc2+ 74. Rf2 Qc6+ 75. Qf3 Qd7 76. Re2 Bf6 77. Qe4 Qd6 78. Rf2 Qc5 79. Qf3 Qg5+ 80. Kf1 Qe5 81. Kg2 Qd4 82. Rf1 Qd6 83.
Rf2 Qe5 84. Re2 Qd6 85. Rf2 Qd4 86. Rf1 Qh4 87. Rf2 Qg5+ 88. Kf1 Qb5+ 89. Kg2 Qe5 90. Re2 Qd6 91. Rf2 1/2-1/2

[Event "Late-Titled-Tuesday-Blitz-May-14-2024"]
[Site "Chess.com"]
[Date "2024.05.14"]
[Round "3"]
[White "alexg2003"]
[Black "HanSchut"]
[Result "0-1"]
[WhiteElo "2578"]
[BlackElo "2382"]
[TimeControl "180+1"]
[EndTime "14:31:24 PDT"]
[Termination "HanSchut won by resignation"]

1. d4 Nf6 2. c4 g6 3. Nc3 d5 4. Nf3 Bg7 5. e3 O-O 6. Qb3 dxc4 7. Bxc4 a6 8. a4 Nc6 9. Be2 Na5 10. Qd1 c5 11. O-O cxd4 12. exd4 Be6 13. Bg5 Bb3 14. Qc1 Bd5 15. Qf4 Rc8 16. Rad1 Bb3 17. Rc1 Bc4 18. Bxc4 Nxc4 19. Rc2 Nxb2 20. Rxb2 Rxc3 21. Rxb7 Rc4 22. Ra1 e6 23. h4 Qc8 24. Ra7 Nd5 25. Qd6 Rc6 26. Qd7 h6 27. Be7 Nxe7 28. Qxe7 Rc1+ 29. Rxc1 Qxc1+ 30. Kh2 Qf4+ 31. Kh3 Qf5+ 32. Kg3 g5 33. hxg5 h5 34. Qc7 Qg4+ 35. Kh2 Bxd4 36. Nxd4 Qxd4 37.
f4 Qf2 38. Qe5 Qh4+ 39. Kg1 Qg4 40. Rd7 h4 41. Rd3 Rc8 42. Kh2 Rc2 43. Qe4 Rf2 44. Rh3 Qxf4+ 45. Qxf4 Rxf4 46. Ra3 Kg7 47. g3 Rf5 48.
gxh4 Rf4 49. Kg3 Rb4 50. a5 Kg6 51. Rc3 Rb5 52. Rc8 Rxa5 53. Rg8+ Kf5 54. h5 Ra3+ 55.
Kh4 Ra4+ 56. Kg3 Ra3+ 57. Kg2 Ra4 58. Kf3 Ra3+ 59. Ke2 Ra2+ 60. Ke3 Ra3+ 61. Kd4 Rg3 62. h6 Rh3 63. Kc5 e5 64. Rg7 Ke6 65. g6 fxg6 66. Rxg6+ Kf5 67. Rb6 e4 68. Kd4 Rd3+ 69. Kc4 Rh3 70.
Rxa6 Kf4 71. Kd4 Rd3+ 72. Kc4 Rh3 73. Rf6+ Ke3 74. Kc3 Ke2+ 75. Kd4 e3 76. Re6 Rh4+ 77. Re4 Rxe4+ 78. Kxe4 Kd2 79. h7 e2 80. h8=Q e1=Q+ 81. Kd5 Qe3 82. Qh5 Qd3+ 83. Kc6 Qc2+ 84. Kb5 Qd3+ 85.
Kb4 Qc3+ 86. Kb5 Qd3+ 87. Kb6 Qb3+ 88. Kc7 Qc3+ 89. Kb8 Qb3+ 90. Ka7 Qa3+ 91. Kb6 Qb3+ 92. Kc6 Qc3+ 93. Kd7 Qd3+ 94. Ke7 Qe2+ 95. Kf6 Qxh5 0-1

[Event "Late-Titled-Tuesday-Blitz-May-14-2024"]
[Site "Chess.com"]
[Date "2024.05.14"]
[Round "3"]
[White "Evan_Attaker"]
[Black "ccccvhhhj"]
[Result "1-0"]
[WhiteElo "2655"]
[BlackElo "2463"]
[TimeControl "180+1"]
[EndTime "14:31:55 PDT"]
[Termination "Evan_Attaker won on time"]

1. Nf3 d5 2. c4 c6 3. d4 e6 4. g3 f5 5. Bg2 Nf6 6. O-O Bd6 7.
Nc3 Nbd7 8. Qc2 O-O 9. Rb1 a5 10. e3 Ne4 11. a3 Qe7 12. c5 Bc7 13.
b4 axb4 14. axb4 e5 15. dxe5 Nxe5 16. Nxe5 Bxe5 17. Bb2 Qf6 18. Ne2 Bxb2 19. Rxb2 Bd7 20. Nd4 Ra3 21. Ra2 Rfa8 22. Rfa1 Rxa2 23. Rxa2 Rb8 24.
Ra7 h6 25. Qa2 Kh7 26. Qa5 f4 27. Bxe4+ dxe4 28. Qc7 fxg3 29. hxg3 Rf8 30. Ra2 Bh3 31. Qxb7 Qd8 32. Qxc6 Rf6 33. Qxe4+ Kh8 34. c6 Rf8 35. b5 Qb6 36. Rc2 Qa5 37. Kh2 Bc8 38. c7 Qe1 39. Kg2 Qa1 40. b6 Qa6 41. Qc6 Bb7 42. Kg1 Bxc6 43.
Rxc6 Qb7 44. Rd6 Rc8 45. Rd8+ Kh7 46. g4 Qa8 47. Ne6 Qa1+ 48. Kg2 Qa8+ 49. Kg3 Qb7 50. Rd7 Qxb6 51. Rxg7+ Kh8 52. Rg6 Qd6+ 53. Nf4 Qd1 54.
Rxh6+ Kg7 55. Rg6+ Kf7 56. Rg5 Qf1 57. Rf5+ Kg7 58.
Kf3 Qh1+ 59. Kg3 Ra8 60. Rg5+ Kf7 61. c8=Q Rxc8 62. Rf5+ Kg7 63. Nh5+ Kg8 64. Rg5+ Kf7 65. Rf5+ Ke7 66. Re5+ Kd6 67. Rg5 Qg1+ 68. Kf3 Rf8+ 69.
Nf4 Qh1+ 70. Kg3 Qg1+ 71. Kf3 Rh8 72. Rg6+ Kd7 73. Rg7+ Kc8 74. Nd3 Qh1+ 75. Ke2 Rf8 76. Ra7 Qf3+ 77. Kd2 Qd5 78. Ra4 Kb8 79. f4 Qg2+ 80.
Kc3 Qxg4 81. Rb4+ Ka7 82. Ne5 Rc8+ 83. Kd4 Qe6 84. Ra4+ Kb6 85. Ke4 Rd8 86. f5 Qd6 87.
Rd4 Qb8 88. Rb4+ Kc5 89. Rxb8 Rxb8 90. Nd7+ Kd6 91. Nxb8 Ke7 92. Ke5 1-0

[Event "Late-Titled-Tuesday-Blitz-May-14-2024"]
[Site "Chess.com"]
[Date "2024.05.14"]
[Round "4"]
[White "Timurist"]
[Black "varunkrishnanchess"]
[Result "0-1"]
[WhiteElo "2336"]
[BlackElo "2608"]
[TimeControl "180+1"]
[EndTime "14:33:59 PDT"]
[Termination "varunkrishnanchess won by resignation"]

1. e4 a6 2. d4 e6 3. a4 d5 4. e5 c5 5. c3 Nc6 6. Nf3 Nh6 7. Na3 Qb6 8. Bd3 cxd4 9. cxd4 Bb4+ 10. Bd2 Nxd4 11. Nxd4 Qxd4 12. Bxb4 Qxb4+ 13. Kf1 O-O 14. Rc1 Qxb2 15. Nc2 Qxe5 0-1

[Event "Late-Titled-Tuesday-Blitz-May-14-2024"]
[Site "Chess.com"]
[Date "2024.05.14"]
[Round "4"]
[White "dealshark"]
[Black "glebus008"]
[Result "1-0"]
[WhiteElo "2551"]
[BlackElo "2368"]
[TimeControl "180+1"]
[EndTime "14:34:13 PDT"]
[Termination "dealshark won by resignation"]

1. e4 Nc6 2. Nf3 d5 3. exd5 Qxd5 4. h3 e5 5. Nc3 Qa5 6. Bc4 Nf6 7. O-O Bf5 8. d3 Bd6 9. Re1 O-O 10. Bd2 Qc5 11. Na4 1-0

[Event "Late-Titled-Tuesday-Blitz-May-14-2024"]
[Site "Chess.com"]
[Date "2024.05.14"]
[Round "4"]
[White "hikaruchija"]
[Black "super_emi_26"]
[Result "0-1"]
[WhiteElo "2579"]
[BlackElo "2866"]
[TimeControl "180+1"]
[EndTime "14:34:41 PDT"]
[Termination "super_emi_26 won by resignation"]

1. d4 g6 2. c4 Bg7 3. Nc3 c5 4. d5 Bxc3+ 5. bxc3 f5 6. Qa4 Nf6 7. h4 Qb6 8. Nf3 Qa6 9. Qb3 d6 10. Ng5 h6 11. Nf3 Nbd7 12. a4 Qa5 13. Nd2 Ne5 14. Qc2 b6 15. e4 fxe4 16. Nxe4 Nxe4 17. Qxe4 Qxc3+ 0-1

[Event "Late-Titled-Tuesday-Blitz-May-14-2024"]
[Site "Chess.com"]
[Date "2024.05.14"]
[Round "4"]
[White "TreinadorBR"]
[Black "betta2004"]
[Result "0-1"]
[WhiteElo "2335"]
[BlackElo "2526"]
[TimeControl "180+1"]
[EndTime "14:34:52 PDT"]
[Termination "betta2004 won by resignation"]

1. e4 e5 2. Nf3 Nc6 3. Bc4 Bc5 4. c3 Nf6 5. d3 O-O 6. Bb3 d6 7. Nbd2 Ne7 8. h3 Ng6 9. Nf1 h6 10. Ng3 a6 11. O-O Ba7 12. Qe2 Be6 13. Bc2 b5 14.
Be3 Bxe3 15. fxe3 c5 16. Nf5 d5 17. N3h4 Nxh4 18. Nxh4 dxe4 19. dxe4 Bc4 20. Qf2 Bxf1 21. Rxf1 Ne8 22. Qg3 Qg5 23. Qf2 Nd6 24. Nf5 Nxf5 25. exf5 Rad8 26. Be4 Rd6 27. Qf3 Rfd8 28. Bd5 Rxd5 0-1